 Dungeon Crawl Stone Soup version 0.30.1-11-g7821555f0a (webtiles) character file.

Game seed: 18368419933563460216

4337 eliilek the Protected (level 10, -6/85 (88) HPs)
             Began as a Minotaur Fighter on Nov 29, 2023.
             Was an Elder of Cheibriados.
             Mangled by a hornet (9 damage)
             ... while paralysed by a hornet
             ... on level 8 of the Dungeon.
             The game lasted 00:13:33 (6048 turns).

eliilek the Protected (Minotaur Fighter)            Turns: 6048, Time: 00:13:34

HP:   -6/85 (88)    AC:  0    Str: 32    XL:     10   Next: 12%
MP:   12/12         EV:  5    Int: 14    God:    Cheibriados [****..]
Gold: 828           SH:  0    Dex: 26    Spells: 9/9 levels left

rFire   . . .        a - melded +5 flail
rCold   . . .        G - melded +0 kite shield
rNeg    . . .        A - melded +4 ring mail
rPois   .            f - melded +2 hat
rElec   .            (cloak currently unavailable)
rCorr   .            c - melded +0 pair of gloves
SInv    .            r - melded +1 pair of boots
Will    .....        n - amulet of faith
Stlth   ++           p - melded ring of willpower
HPRegen 0.34/turn    u - melded ring "Mudiko" {rF+ Int+2 Dex+3}
MPRegen 0.13/turn

%: faith
@: paralysed, bat-form, flying, slowed, lightly drained, slow
A: fast, flying, no casting, tiny, (horns 2), (retaliatory headbutt)
a: Renounce Religion, Bend Time, Temporal Distortion, Slouch


You were on level 8 of the Dungeon.
You worshipped Cheibriados.
Cheibriados was greatly pleased with you.
You were a bat.
You visited 2 branches of the dungeon, and saw 9 of its levels.

You collected 828 gold pieces.

Inventory:

Hand Weapons
 a - a +5 flail (melded)
Armour
 c - a +0 pair of gloves (melded)
 f - a +2 hat (melded)
 r - a +1 pair of boots (melded)
 A - a +4 ring mail (melded)
 G - a +0 kite shield (melded)
Jewellery
 n - an amulet of faith (around neck)
 p - a ring of willpower (melded)
 u - the ring "Mudiko" (melded) {rF+ Int+2 Dex+3}
   (You found it on level 3 of the Dungeon)

   [ring of protection from fire]

   Int:       It affects your intelligence (+2).
   Dex:       It affects your dexterity (+3).
   rF:        It protects you from fire.
 D - a ring of positive energy
 E - a ring of poison resistance
Wands
 y - a wand of paralysis (7)
 z - a wand of iceblast (19)
 B - a wand of polymorph (5)
Scrolls
 e - 2 scrolls of brand weapon
 j - 2 scrolls of enchant weapon
 l - 2 scrolls of enchant armour
 s - 3 scrolls of blinking
Potions
 b - a potion of magic {unknown}
 d - a potion of might
 g - 2 potions of haste {unknown}
 h - 4 potions of curing
 k - a potion of attraction {unknown}
 m - a potion of invisibility {unknown}
 o - 4 potions of brilliance
 q - 2 potions of heal wounds {unknown}
 t - 3 potions of flight
 w - 3 potions of cancellation {unknown}
 x - a potion of ambrosia {unknown}
 C - a potion of mutation {unknown}
 I - a potion of resistance {unknown}


   Skills:
 + Level 7.9 Fighting
 * Level 8.2 Maces & Flails
 * Level 10.7 Armour
 - Level 3.7 Dodging
 + Level 8.0 Shields
 + Level 4.4 Invocations


You had 9 spell levels left.
You didn't know any spells.
Your spell library contained the following spells:

 Spells                   Type           Power      Damage    Failure   Level
 Freeze                   Ice            0%         1d3       28%         1
 Frozen Ramparts          Ice            0%         1d1       65%         3
 Hailstorm                Conj/Ice       0%         3d3       65%         3
 Summon Guardian Golem    Hex/Summ       0%         N/A       65%         3
 Summon Forest            Summ/Tloc      0%         N/A       100%        5
 Eringya's Noxious Bog    Tmut/Pois      0%         N/A       100%        6
 Orb of Destruction       Conj           0%         9d5       100%        7
 Spellforged Servitor     Conj/Summ      0%         N/A       100%        7
 Summon Hydra             Summ           0%         N/A       100%        7


Dungeon Overview and Level Annotations

Branches:
Dungeon (8/15)             Temple (1/1) D:4
   Lair: D:8-11

Altars:
Ashenzari
Cheibriados
Dithmenos
Gozag
Kikubaaqudgha
Makhleb
Nemelex Xobeh
Okawaru
Sif Muna
Trog
Vehumet
Wu Jian
Xom
Yredelemnul
Zin
The Shining One

Shops:
D:7 *:

Annotations:
D:8 Psyche


Innate Abilities, Weirdness & Mutations

You are a bat.
You are tiny and dextrous.
You move quickly.
You are flying.
Your equipment is almost entirely melded.
You are incapable of wielding weapons or throwing items.
You cannot cast spells.
((You have a pair of horns on your head.))
((You reflexively headbutt those who attack you in melee.))


Message History

A swirling arc of seething chaos appears!
An arc of chaos appears from out of thin air!
The arc of chaos hits you.
You hear some strange, mumbled words.
A swirling arc of seething chaos appears!
An arc of chaos appears from out of thin air!
The arc of chaos hits you. x2
You hit something. Something barely misses you.
You closely miss something. Something misses you.
You bite something! Something hits you.
You hit something but do no damage. Something hits you!
You closely miss something.
You hear some strange, mumbled words.
A swirling arc of seething chaos appears!
An arc of chaos appears from out of thin air!
The arc of chaos hits you.
You feel drained.
You hit something. Something closely misses you.
You barely miss something.
A hornet comes into view.
Something closely misses you.
You hit something. Something hits you!
You feel drained.
You barely miss something. Something closely misses you. The hornet stings you.
You feel yourself slow down.
You feel yourself speed up. The hornet completely misses you.
Something hits you! The hornet stings you!
You feel yourself slow down. The hornet completely misses you.
The hornet misses you.
You feel yourself speed up. The hornet stings you.
You are poisoned.
You feel yourself slow down. The hornet closely misses you.
You feel very sick. The hornet barely misses you.
You feel better. The hornet stings you!
* * * LOW HITPOINT WARNING * * *
You suddenly lose the ability to move!
The hornet stings you!
* * * LOW HITPOINT WARNING * * *
You feel as though you will be slow longer.
The hornet stings you!
You die...

##### #####...###
......#...#
....#....##
..8...8...#
#...#.....#
##.###.##.#
#...#...#b#
...8...8.#y###
.#...#.......#
##.###......# #..
#.......# ...
...8.......
.#...#....~~~~~..
#####..~~~≈≈~~.
...(~~~≈~≈.


You could see a hornet.

Vanquished Creatures
  Gastronok (D:8)
  Pikel (D:7)
  Grinder (D:3)
  Prince Ribbit (D:6)
  Eustachio (D:5)
  A water moccasin (D:6)
  Duvessa (D:5)
  An ice beast (D:7)
  An orc warrior (D:6)
  3 sky beasts
  An ogre (D:4)
  A centaur (D:7)
  A lemure (D:7)
  3 phantoms
  Blork the orc (D:4)
  3 scorpions (D:5)
  5 wights (D:7)
  Dowan (D:5)
  3 jellies
  5 orc priests
  A hound (D:5)
  3 iguanas
  A sleepcap (D:6)
  4 orc wizards
  A gnoll (D:1)
  6 adders
  A shadow imp (D:6)
  3 white imps (D:7)
  An ufetubus (D:6)
  A worm (D:4)
  3 dart slugs
  28 orcs
  8 ball pythons
  7 endoplasms
  3 giant cockroaches
  6 goblins
  8 hobgoblins
  7 jackals
  3 quokkas
  9 bats
  4 frilled lizards
  8 kobolds
  8 rats
160 creatures vanquished.

Notes
Turn   | Place    | Note
-------+----------+-------------------------------------------
     0 | D:1      | eliilek the Minotaur Fighter began the quest for the Orb.
     0 | D:1      | Reached XP level 1. HP: 19/19 MP: 0/0
    23 | D:1      | Reached XP level 2. HP: 27/27 MP: 1/1
    92 | D:1      | Reached skill level 4 in Armour
   120 | D:1      | Reached skill level 1 in Dodging
   251 | D:1      | Reached XP level 3. HP: 33/33 MP: 2/2
   633 | D:2      | Found a shimmering altar of Xom.
   971 | D:2      | Reached XP level 4. HP: 40/40 MP: 3/3
  1310 | D:3      | You fall into a shaft and drop 2 floors!
  1310 | D:5      | Entered Level 5 of the Dungeon
  1347 | D:5      | Noticed Eustachio
  1395 | D:5      | Killed Eustachio
  1396 | D:5      | Reached skill level 5 in Armour
  1396 | D:5      | Reached XP level 5. HP: 16/47 MP: 4/4
  1567 | D:5      | Noticed Duvessa
  1567 | D:5      | Noticed Dowan
  1595 | D:5      | Killed Duvessa
  1596 | D:5      | Reached skill level 6 in Armour
  1596 | D:5      | Reached XP level 6. HP: 15/55 MP: 5/5
  1600 | D:5      | Killed Dowan
  1601 | D:5      | Reached skill level 5 in Fighting
  1601 | D:5      | Reached skill level 5 in Shields
  1784 | D:4      | Found a staircase to the Ecumenical Temple.
  1896 | Temple   | Entered the Ecumenical Temple
  1941 | Temple   | Became a worshipper of Cheibriados the Contemplative
  2271 | D:3      | Identified the ring "Mudiko" {rF+ Int+2 Dex+3}
  2317 | D:3      | Reached * piety under Cheibriados
  2390 | D:3      | Found an ornate altar of the Wu Jian Council.
  2407 | D:3      | Found a faded altar of an unknown god.
  2525 | D:3      | Noticed Grinder
  2531 | D:3      | Killed Grinder
  2532 | D:3      | Reached skill level 7 in Armour
  2532 | D:3      | Reached XP level 7. HP: 45/61 MP: 6/6
  2829 | D:3      | Reached ** piety under Cheibriados
  3045 | D:4      | Found a sparkling altar of Nemelex Xobeh.
  3045 | D:4      | Found a broken altar of Ashenzari.
  3389 | D:4      | Noticed Blork the orc
  3394 | D:4      | Killed Blork the orc
  3395 | D:4      | Reached skill level 1 in Invocations
  3691 | D:5      | Reached XP level 8. HP: 63/70 MP: 7/7
  3825 | D:5      | Reached skill level 8 in Armour
  4120 | D:5      | Found a bloodstained altar of Trog.
  4191 | D:6      | Found a shimmering blue altar of Sif Muna.
  4219 | D:6      | Reached *** piety under Cheibriados
  4256 | D:6      | Noticed Prince Ribbit
  4287 | D:6      | Killed Prince Ribbit
  4288 | D:6      | Reached skill level 5 in Maces & Flails
  4360 | D:6      | Found a glowing golden altar of the Shining One.
  4585 | D:6      | Reached skill level 9 in Armour
  4961 | D:7      | Found Jocathyu's Book Shoppe.
  4978 | D:7      | Reached XP level 9. HP: 65/78 MP: 10/10
  4979 | D:7      | Reached **** piety under Cheibriados
  5323 | D:7      | Found Saaxkin's Gadget Gallery.
  5434 | D:7      | Noticed Pikel
  5443 | D:7      | Killed Pikel
  5587 | D:7      | Reached skill level 10 in Armour
  5838 | D:8      | Identified a scroll of acquirement
  5838 | D:8      | Acquired 407 gold pieces
  5843 | D:8      | Noticed Gastronok
  5859 | D:8      | Killed Gastronok
  5860 | D:8      | Reached XP level 10. HP: 34/88 MP: 10/12
  6023 | D:8      | Noticed Psyche
  6048 | D:8      | Paralysed by a hornet for 2 turns
  6048 | D:8      | HP: 3/85 [hornet (16)]
  6048 | D:8      | Mangled by a hornet

Illustrated notes

Levels and vault maps discovered:
D:1:      grunt_arrival_lava_bath, layout_loops_ring
D:2:      layout_loops_ring, basic_altar, serial_bayou_pond_e
D:3:      layout_rooms, nzn_wu_jian_contemplation,
          hellmonk_ecumenical_altar_run_dry, uniq_grinder
D:4:      minmay_door_path, layout_basic, gammafunk_temple_overflow_wave,
          temple_fountains, serial_rivers, chequers_serial_rivers_large_a,
          chequers_serial_rivers_micro_b, chequers_serial_rivers_room_a,
          chequers_serial_rivers_small_a, chequers_serial_rivers_small_3,
          uniq_blork_the_orc
D:5:      layout_basic, trog_hazing_becter, uniq_eustachio, uniq_duvessa
D:6:      layout_loops_ring, nicolae_sif_muna_condensation,
          overflow_temple_1_default, uniq_prince_ribbit1
D:7:      layout_basic, nicolae_stop_n_shop_2, grunt_decor_clamped,
          nicolae_shop_gadgets, uniq_pikel
D:8:      minmay_octagon_keep, layout_basic, nicolae_ru_awakened_eye,
          minmay_misc_feat_four_crosses, uniq_gastronok, uniq_joseph,
          uniq_psyche
Temple:   kb_temple_of_zot

Skill      XL: |  1  2  3  4  5  6  7  8  9 |
---------------+----------------------------+-----
Armour         | 4 5 6 7 9 10 | 10.7
Dodging        | 1 2 3 |  3.7
Shields        | 4 5 6 8 |  8.0
Fighting       | 4 5 6 7 |  7.9
Maces & Flails | 3 5 8 |  8.2
Invocations    | 1 2 4 |  4.4

Action                     |  1- 3 |  4- 6 |  7- 9 | 10-12 || total
---------------------------+-------+-------+-------+-------++-------
  Melee: Flail             |    74 |   123 |   178 |       ||   375
         Headbutt          |     5 |    20 |    34 |       ||    59
         Unarmed           |       |       |       |     9 ||     9
 Invoke: Bend Time         |       |       |     1 |       ||     1
    Use: Potion            |       |     1 |     1 |     1 ||     3
         Scroll            |       |       |    10 |       ||    10
   Stab: Sleeping          |       |       |     1 |       ||     1
 Armour: Scale mail        |    30 |    63 |     8 |       ||   101
         Ring mail         |       |       |    45 |       ||    45
  Dodge: Dodged            |    41 |    71 |    81 |    10 ||   203
  Block: Buckler           |    16 |    30 |    29 |       ||    75
         Kite shield       |       |       |    58 |       ||    58
